 Dungeon Crawl Stone Soup version 0.25-a0-734-g73332ae (webtiles) character file.

Game seed: 17943566150428190097, levelgen mode: deterministic

287 JarJarBinks the Poker (level 6, -8/47 HPs)
             Began as a Merfolk Gladiator on Apr 10, 2020.
             Killed by divine providence
             ... invoked by an orc priest
              (11 damage)
             ... on level 4 of the Dungeon.
             The game lasted 00:07:31 (3867 turns).

JarJarBinks the Poker (Merfolk Gladiator)           Turns: 3867, Time: 00:07:32

Health: -8/47      AC:  4    Str: 14    XL:     6   Next: 30%
Magic:  6/6        EV: 15    Int:  8    God:
Gold:   129        SH:  0    Dex: 17    Spells: 5/5 levels left

rFire    . . .     SeeInvis .   a - +0 trident
rCold    . . .     Gourm    .   (no shield)
rNeg     . . .     Faith    .   b - +0 leather armour
rPois    .         Spirit   .   c - +0 helmet
rElec    .         Reflect  .   (no cloak)
rCorr    .         Harm     .   (no gloves)
MR       .....                  (no boots)
Stlth    ++........             (no amulet)
HPRegen  0.15/turn              (no ring)
MPRegen  0.10/turn              (no ring)

@: lethally poisoned (-8 -> -15)
A: change form in water, swift swim, stealthy swim
a: no special abilities


You were on level 4 of the Dungeon.
You were not hungry.

You visited 1 branch of the dungeon, and saw 4 of its levels.

You collected 129 gold pieces.

Inventory:

Hand Weapons
 a - a +0 trident (weapon)
Missiles
 d - 4 throwing nets (quivered)
Armour
 b - a +0 leather armour (worn)
 c - a +0 helmet (worn)
Jewellery
 w - an uncursed ring of poison resistance
Wands
 v - a wand of disintegration (15)
Scrolls
 l - 3 scrolls of identify {unknown}
 m - 2 scrolls of amnesia {unknown}
 o - 4 scrolls of enchant weapon {unknown}
 r - a scroll of magic mapping {unknown}
 s - a scroll of teleportation {unknown}
 t - 2 scrolls of fear {unknown}
 u - 2 scrolls of immolation {unknown}
Potions
 e - 3 potions of curing {unknown}
 g - a potion of magic {unknown}
 h - 2 potions of brilliance {unknown}
 i - a potion of lignification {unknown}
 j - 3 potions of mutation {unknown}
 k - a potion of flight {unknown}
 n - 2 potions of haste {unknown}
 p - a potion of heal wounds
 q - a potion of berserk rage {unknown}
Comestibles
 f - 3 rations


   Skills:
 + Level 3.3 Fighting
 + Level 7.3 Polearms
 + Level 2.0 Throwing
 + Level 1.5 Armour
 + Level 5.2 Dodging
 + Level 1.2 Stealth


You had 5 spell levels left.
You didn't know any spells.
Your spell library was empty.

Dungeon Overview and Level Annotations

Branches:
Dungeon (4/15)
 Temple: D:4-7

Altars:
Fedhas


Message History

The adder bites you.
* * * LOW HITPOINT WARNING * * *
You are poisoned.
The adder poisons you!
You hit the adder but do no damage.
You feel sick. The adder misses you.
You hit the adder.
The adder is moderately wounded.
The adder bites you.
* * * LOW HITPOINT WARNING * * *
You are lethally poisoned!
The adder poisons you! The orc closely misses you.
Unknown command.
You hit the adder.
The adder is severely wounded.
* * * LOW HITPOINT WARNING * * *
You feel sick. The adder misses you. The orc barely misses you.
The orc hits you but does no damage.
The orc priest mumbles some strange prayers to Beogh against you.
Beogh smites you!
You die...

#.†#..................
#.<.................#.
#....>..............#
##..##............#...
#.###..............^.
####.................
#
###..................
#.#......##........
##.#......#@........
........o)oSo.......
#..#.......o...#....
#......##.o...##...
##.........##o.....
#.....##...#....#.
####..........###
##.....#....## .##....
##...)......# .#.....


You could see 2 orc priests, an adder and 4 orcs.

Vanquished Creatures
  A bullfrog skeleton (D:4)
  An orc priest (D:3)
  Ijyb (D:4)
  2 worker ants
  A gnoll (D:1)
  5 adders
  3 oozes
  3 worms
  4 dart slugs
  A leopard gecko (D:1)
  An orc (D:4)
  8 bats
  3 giant cockroaches
  7 goblins
  6 hobgoblins
  7 jackals
  2 quokkas
  A ball python (D:2)
  5 frilled lizards
  9 kobolds
  5 rats
76 creatures vanquished.

Notes
Turn   | Place    | Note
-------+----------+-------------------------------------------
     0 | D:1      | JarJarBinks the Merfolk Gladiator began the quest for the
                  | Orb.
     0 | D:1      | Reached XP level 1. HP: 16/16 MP: 1/1
    87 | D:1      | Reached XP level 2. HP: 5/22 MP: 2/2
   164 | D:1      | Reached skill level 5 in Polearms
   573 | D:1      | Reached XP level 3. HP: 26/28 MP: 3/3
  1415 | D:2      | Reached XP level 4. HP: 22/34 MP: 4/4
  1441 | D:2      | Found a blossoming altar of Fedhas.
  1592 | D:2      | Reached skill level 6 in Polearms
  1877 | D:2      | Reached XP level 5. HP: 31/40 MP: 5/5
  2334 | D:3      | Reached skill level 1 in Armour
  2650 | D:3      | Reached skill level 5 in Dodging
  3231 | D:4      | Reached skill level 7 in Polearms
  3231 | D:4      | Reached skill level 1 in Stealth
  3279 | D:3      | Reached XP level 6. HP: 5/47 MP: 6/6
  3288 | D:3      | HP: 2/47 [orc priest/nerve-wracking pain (2)]
  3617 | D:4      | Noticed Ijyb
  3624 | D:4      | Killed Ijyb
  3867 | D:4      | Killed from afar by an orc priest

Levels and vault maps discovered:
D:1:      lightli_arrival_boilingwater, layout_basic
D:2:      layout_loops_ring, serial_rivers, chequers_serial_rivers_room_b,
          chequers_serial_rivers_small_b, chequers_serial_rivers_room_b,
          chequers_serial_rivers_micro_e, fedhas_altar_3
D:3:      layout_loops_ring, serial_forest, infiniplex_forest_clump_diagonal,
          infiniplex_forest_lined_room_2, infiniplex_forest_clump_curved,
          infiniplex_forest_end_2, infiniplex_forest_lined_2,
          minmay_misc_feat_columns
D:4:      layout_cave_pools, enter_ossuary_4, uniq_ijyb, uniq_sigmund

Skill      XL: |  1  2  3  4  5 |
---------------+----------------+-----
Polearms       | 5 6 7 |  7.3
Armour         | 1 |  1.5
Fighting       | 3 |  3.3
Dodging        | 5 |  5.2
Stealth        | 1 |  1.2
Throwing       | |  2.0

Action                   |  1- 3 |  4- 6 || total
-------------------------+-------+-------++-------
Melee: Trident           |   103 |   192 ||   295
       Tailslap          |     3 |       ||     3
 Stab: Sleeping          |       |     3 ||     3
  Eat: Chunk             |     2 |     6 ||     8
       Ration            |       |     1 ||     1
Armor: Leather armour    |    22 |    52 ||    74
Dodge: Dodged            |    74 |   186 ||   260

Table legend:
 A = Non-vault XP
 B = Vault XP
 C = Vault XP percentage of total XP
 D = Non-vault monster count
 E = Vault monster count
 F = Vault count percentage of total count
                 A         B        C        D         E       F
            +---------+---------+-------+---------+---------+-------
      Total |     375 |      35 |   8.5 |      75 |       1 |   1.3
            +---------+---------+-------+---------+---------+-------
        D:1 |      74 |       0 |   0.0 |      32 |       0 |   0.0
        D:2 |      96 |       0 |   0.0 |      18 |       0 |   0.0
        D:3 |     159 |       0 |   0.0 |      22 |       0 |   0.0
        D:4 |      46 |      35 |  43.2 |       3 |       1 |  25.0
            +---------+---------+-------+---------+---------+-------
